 Dungeon Crawl Stone Soup version 0.31-a0-188-g5e087ee2ca (webtiles) character file.

Game seed: 11911371927383019101

66 qw the Shooter (level 3, -1/20 HPs)
             Began as a Deep Elf Hunter on June 23, 2023.
             Succumbed to an adder's poison
             ... on level 2 of the Dungeon.
             The game lasted 00:00:27 (1058 turns).

qw the Shooter (Deep Elf Hunter)                    Turns: 1058, Time: 00:00:28

Health: -1/20      AC:  6    Str: 10    XL:     3   Next: 96%
Magic:  5/5        EV:  9    Int: 13    God:
Gold:   72         SH:  0    Dex: 18    Spells: 2/2 levels left

rFire   . . .        Y - +1 shortbow
rCold   . . .        (shield currently unavailable)
rNeg    . . .        j - +0 scale mail
rPois   .            (no helmet)
rElec   .            (no cloak)
rCorr   .            (no gloves)
SInv    .            (no boots)
Will    .....        (no amulet)
Stlth   +            (no ring)
HPRegen 0.23/turn    (no ring)
MPRegen 0.09/turn

%: no passive effects
@: lethally poisoned (-1 -> -3)
A: no striking features
a: no special abilities


You were on level 2 of the Dungeon.
You visited 1 branch of the dungeon, and saw 2 of its levels.

You collected 72 gold pieces.


   Skills:
 - Level 1.5 Fighting
 + Level 7.4 Ranged Weapons
 - Level 2.4 Dodging
 - Level 1.2 Stealth


You had 2 spell levels left.
You didn't know any spells.
Your spell library was empty.

Inventory:

Hand Weapons
 Y - a +1 shortbow (weapon)
Armour
 j - a +0 scale mail (worn)
Scrolls
 f - a scroll of identify
Potions
 a - 2 potions of cancellation {unknown}
 i - a potion of invisibility {unknown}
 k - a potion of brilliance {unknown}

Dungeon Overview and Level Annotations

Branches:
Dungeon (2/15)

Altars:

Shops:
D:1 *


Message History

You shoot an arrow. The arrow hits the hobgoblin!
You kill the hobgoblin!
You see here a hobgoblin corpse.
An adder comes into view.
The adder hisses angrily.
Enter note: You shoot an arrow.
The arrow closely misses the adder.
You shoot an arrow. The arrow hits the adder.
The adder is lightly wounded.
The adder bites you but does no damage.
You shoot an arrow. The arrow hits the adder.
The adder is moderately wounded.
The adder bites you.
You are poisoned.
The adder poisons you! The adder bites you but does no damage.
You shoot an arrow. The arrow closely misses the adder.
You feel very sick. The adder closely misses you.
You shoot an arrow. The arrow barely misses the adder.
You feel sick. The adder bites you but does no damage. The adder bites you.
You shoot an arrow. The arrow barely misses the adder.
You feel sick. The adder closely misses you.
The adder bites you but does no damage.
You shoot an arrow. The arrow misses the adder.
You feel sick. The adder closely misses you. The adder bites you.
You are more poisoned.
The adder poisons you!
You shoot an arrow. The arrow closely misses the adder.
You feel sick. The adder barely misses you.
You shoot an arrow. The arrow hits the adder.
The adder is heavily wounded.
You feel sick. The adder barely misses you.
The adder bites you but does no damage.
You shoot an arrow. The arrow barely misses the adder.
You feel sick. The adder bites you. x2
You shoot an arrow. The arrow closely misses the adder.
You feel sick.
The adder bites you but does no damage. x2
You shoot an arrow. The arrow hits the adder!
You kill the adder!
You die...

.. #. #. #. #. ...
..####. ...
......%###### ...
.......@....# #.#
.##########.#######.#
# #.#.......# #
#########.#.####.<####
..........^...........
............#.....####
#########.#.####.## #
#....%....# #
#..#.###### #


There were no monsters in sight!

Vanquished Creatures
  A gnoll (D:1)
  2 adders (D:2)
  A worm (D:2)
  A dart slug (D:1)
  2 ball pythons (D:1)
  5 bats (D:1)
  4 endoplasms (D:1)
  A giant cockroach (D:1)
  3 goblins (D:1)
  4 hobgoblins
  3 jackals (D:1)
  3 quokkas (D:1)
  4 kobolds (D:1)
  4 rats (D:1)
38 creatures vanquished.

Notes
Turn   | Place    | Note
-------+----------+-------------------------------------------
     0 | D:1      | qw the Deep Elf Hunter began the quest for the Orb.
     0 | D:1      | Reached XP level 1. HP: 12/12 MP: 3/3
     0 | D:1      | 0 ||| qw: Version: 0.3-a-9-g12657ce
     0 | D:1      | 0 ||| qw: Game counter: 3732
     0 | D:1      | 0 ||| qw: Always use a shield: true
     0 | D:1      | 0 ||| qw: God list: Okawaru
     0 | D:1      | 0 ||| qw: Allow faded altars: false
     0 | D:1      | 0 ||| qw: Do Orc after D:15 true
     0 | D:1      | 0 ||| qw: Do second Lair branch before Depths: true
     0 | D:1      | 0 ||| qw: Lair rune preference: random
     0 | D:1      | 0 ||| qw: Plans: Normal
     0 | D:1      | 0 ||| PLANNING D:1-11
    20 | D:1      | 20 ||| FLEEEEING.
    61 | D:1      | Reached XP level 2. HP: 16/16 MP: 4/4
    82 | D:1      | Reached skill level 6 in Ranged Weapons
   264 | D:1      | Reached XP level 3. HP: 20/20 MP: 5/5
   467 | D:1      | Reached skill level 7 in Ranged Weapons
   491 | D:1      | Found Udafant's General Store.
   500 | D:1      | 500 ||| SHOPLISTING potion of mutation (104 gold, have 57).
   883 | D:1      | 883 ||| UPGRADING to +0 scale mail.
   893 | D:1      | 893 ||| DROPPING +0 leather armour.
   894 | D:1      | 894 ||| READING scroll labelled CAOGUU EXTIWN.
   895 | D:1      | 895 ||| READING scroll labelled ZEDAF YTEHY.
   896 | D:1      | 896 ||| READING 3 scrolls labelled ETOLONE IWEOSK.
   897 | D:1      | 897 ||| READING scroll labelled MOSHRA SIME.
   898 | D:1      | 898 ||| READING 2 scrolls of identify.
   898 | D:1      | 898 ||| IDENTIFYING sapphire potion
   899 | D:1      | 899 ||| DROPPING scroll of butterflies.
   900 | D:1      | 900 ||| DROPPING potion of ambrosia.
  1055 | D:2      | HP: 5/20 [poisoned by an adder]
  1056 | D:2      | HP: 2/20 [adder (1)]
  1058 | D:2      | Succumbed to an adder's poison

Levels and vault maps discovered:
D:1:      ncdulo_lavacross, layout_loops_corners, serial_shops, shop,
          minmay_misc_feat_pillars, hangedman_decor_points,
          minmay_tiny_reverse_x
D:2:      layout_basic, minmay_tripent

Skill      XL: |  1  2  3 |
---------------+----------+-----
Ranged Weapons | 6 7 |  7.4
Fighting       | |  1.5
Dodging        | |  2.4
Stealth        | |  1.2

Action                     || total
---------------------------++-------
   Fire: Shortbow          ||   104
    Use: Scroll            ||     5
 Armour: Leather armour    ||     8
         Scale mail        ||    11
  Dodge: Dodged            ||    23

Table legend:
 A = Non-vault XP
 B = Vault XP
 C = Vault XP percentage of total XP
 D = Non-vault monster count
 E = Vault monster count
 F = Vault count percentage of total count
                 A         B        C        D         E       F
            +---------+---------+-------+---------+---------+-------
      Total |     105 |       4 |   3.7 |      36 |       2 |   5.3
            +---------+---------+-------+---------+---------+-------
        D:1 |      71 |       4 |   5.3 |      32 |       2 |   5.9
        D:2 |      34 |       0 |   0.0 |       4 |       0 |   0.0
            +---------+---------+-------+---------+---------+-------
